 Dungeon Crawl Stone Soup version 0.31-a0-940-gdaa99269f9 (webtiles) character file.

Game seed: 13306975775668011325

36716 Dirtsage the Severer (level 13, -8/103 HPs)
             Began as a Demonspawn Fighter on Oct 20, 2023.
             Was a High Priest of Okawaru.
             Mangled by a large abomination (12 damage)
             ... on level 1 of the Abyss.
             The game lasted 00:29:32 (13204 turns).

Dirtsage the Severer (Demonspawn Fighter)          Turns: 13204, Time: 00:29:33

Health: -8/103     AC: 26    Str: 26    XL:     13   Next: 54%
Magic:  17/19      EV: 11    Int: 12    God:    Okawaru [*****.]
Gold:   1214       SH: 11    Dex: 15    Spells: 12/12 levels left

rFire   + . .        Q - +3 broad axe (heavy)
rCold   . . .        c - +0 buckler
rNeg    . . .        k - +0 chain mail "Enischeja" {Will+ Regen+ SInv}
rPois   .            O - +2 helmet
rElec   .            A - +1 cloak of the Monkey's Uncle {Int+3}
rCorr   .            b - +0 pair of gloves
SInv    +            y - +0 pair of boots
Will    ++...        L - amulet of reflection Stlth
                     j - ring of willpower
HPRegen 1.17/turn    u - +6 ring of strength
MPRegen 0.16/turn

%: reflection
@: heroic
A: molten scales 3, ignite blood 1, powered by death 1, demonic touch 2
a: Renounce Religion, Heroism, Finesse, Duel


You were on level 1 of the Abyss.
You worshipped Okawaru.
Okawaru was extremely pleased with you.
You visited 3 branches of the dungeon, and saw 15 of its levels.
You visited the Abyss 1 time.

You collected 1580 gold pieces.
You spent 366 gold pieces at shops.

Inventory:

Hand Weapons
 a - a +0 war axe
 v - a +2 hand axe of freezing
 Q - a +3 heavy broad axe (weapon)
Missiles
 E - 6 silver javelins
 S - 2 curare-tipped darts
Armour
 b - a +0 pair of gloves (worn)
 c - a +0 buckler (worn)
 k - the +0 chain mail "Enischeja" (worn) {Will+ Regen+ SInv}
   (Okawaru gifted it to you on level 3 of the Lair of Beasts)

   Will+:     It increases your willpower.
   SInv:      It lets you see invisible.
   Regen+:    It increases your rate of health regeneration.
 s - a +4 scale mail of fire resistance
 y - a +0 pair of boots (worn)
 A - the +1 cloak of the Monkey's Uncle (worn) {Int+3}
   (You bought it in a shop on level 4 of the Dungeon)

   Int+3:     It affects your intelligence (+3).
 O - a +2 helmet (worn)
Jewellery
 f - a ring of ice
 j - a ring of willpower (left hand)
 m - an amulet of magic regeneration
 u - a +6 ring of strength (right hand)
 L - an amulet of reflection (around neck)
Wands
 n - a wand of polymorph (10)
 G - a wand of mindburst (12)
 J - a wand of acid (12)
 M - a wand of flame (24)
Scrolls
 e - 5 scrolls of revelation
 g - 2 scrolls of immolation
 i - a scroll of identify
 o - 2 scrolls of amnesia
 p - a scroll of torment
 r - a scroll of brand weapon
 t - 8 scrolls of teleportation
 z - 2 scrolls of fog
 B - 2 scrolls of blinking
 C - 3 scrolls of poison
 D - a scroll of vulnerability
 I - a scroll of enchant armour
 R - a scroll of silence
 T - a scroll of fear {unknown}
Potions
 d - 2 potions of might
 h - 3 potions of haste
 l - 4 potions of heal wounds
 q - 3 potions of curing
 w - a potion of attraction
 x - 2 potions of magic {unknown}
 F - 4 potions of enlightenment
 H - a potion of lignification
 K - a potion of ambrosia {unknown}
 N - a potion of invisibility {unknown}
 P - a potion of mutation {unknown}


   Skills:
 - Level 9.9(14.9) Fighting
 + Level 16.5(21.5) Axes
 - Level 2.7(7.7) Throwing
 - Level 9.0(14.0) Armour
 - Level 3.3(8.3) Shields
 - Level 8.5 Invocations


You had 12 spell levels left.
You didn't know any spells.
Your spell library contained the following spells:

 Spells                   Type           Power      Damage    Failure   Level
 Magic Dart               Conj           0%         1d3       77%         1
 Sting                    Tmut/Pois      0%         1d3       77%         1
 Blink                    Tloc           0%         N/A       88%         2
 Lesser Beckoning         Tloc           0%         N/A       88%         2
 Momentum Strike          Conj/Tloc      0%         3d8       88%         2
 Poisonous Vapours        Pois/Air       0%         N/A       88%         2
 Searing Ray              Conj           0%         2d4       88%         2
 Sublimation of Blood     Necr           0%         N/A       88%         2
 Hailstorm                Conj/Ice       0%         3d3       98%         3
 Mephitic Cloud           Conj/Pois/Air  0%         N/A       98%         3
 Fulminant Prism          Conj/Hex       0%         3d5       100%        4
 Olgreb's Toxic Radiance  Pois           0%         N/A       100%        4
 Petrify                  Tmut/Erth      0%         N/A       100%        4
 Irradiate                Conj/Tmut      0%         3d11      100%        5
 Call Imp                 Summ           Unusable   N/A       N/A         2
 Summon Ice Beast         Ice/Summ       Unusable   N/A       N/A         4
 Simulacrum               Ice/Necr       Unusable   N/A       N/A         6

Dungeon Overview and Level Annotations

Branches:
Dungeon (11/15)            Temple (1/1) D:4            Lair (3/5) D:9
 Shoals (0/4) Lair:2        Snake (0/4) Lair:2
    Orc: D:9-12

Altars:
Ashenzari
Cheibriados
Dithmenos
Fedhas
Gozag
Hepliaklqana
Kikubaaqudgha
Makhleb
Nemelex Xobeh
Okawaru
Qazlal
Ru
Sif Muna
Trog
Uskayaw
Vehumet
Wu Jian
Xom
Yredelemnul

Shops:
D:2 [   D:3 *   D:4 [   D:6 *   D:8 ?

Annotations:
Lair:3 3 runed translucent doors, Sonja


Innate Abilities, Weirdness & Mutations

You are completely covered in molten scales. (AC +4, rF+)
Your demonic aura sometimes causes spilled blood to erupt in flames.
You regenerate a little health from kills.
Your touch may inflict irresistible damage on your foes.


Message History

You block the large abomination's attack.
The starcursed mass touches you but does no damage.
You barely miss the large abomination. You slash the starcursed mass!
The starcursed mass shudders and is absorbed by its neighbour.
A starcursed mass splits.
A chorus of shrieks assaults your mind. The large abomination hits you!!
You take 27 damage, and have 73/103 hp.
MASSIVE DAMAGE!!
You hit the large abomination but do no damage.
The large abomination hits you!
A starcursed mass splits.
The starcursed mass barely misses you.
You take 12 damage, and have 61/103 hp.
You hit the large abomination but do no damage.
You hit the starcursed mass.
The starcursed mass shudders and is absorbed by its neighbour.
The large abomination hits you!!
A starcursed mass splits.
A chorus of shrieks assaults your mind.
You take 29 damage, and have 32/103 hp.
MASSIVE DAMAGE!!
The large abomination attacks as it pursues you!
The large abomination hits you.
* * * LOW HITPOINT WARNING * * *
A starcursed mass splits.
A chorus of shrieks assaults your mind.
* * * LOW HITPOINT WARNING * * *
A neqoxec comes into view.
You take 12 damage, and have 20/103 hp.
You gain the combat prowess of a mighty hero.
The large abomination hits you!!
* * * LOW HITPOINT WARNING * * *
The neqoxec gestures at you.
Something tries to feed on your intellect!
A starcursed mass splits.
You take 17 damage, and have 3/103 hp.
You now have 17/19 mp.
You slash the starcursed mass!
The starcursed mass is heavily damaged.
You hit the large abomination. You hit the wraith.
The starcursed mass shudders and is absorbed by its neighbour.
A small abomination comes into view.
You block the wraith's attack. The large abomination hits you!
You die...

. #. .. # #
##.. # . .. #.#
##. .
####.##..##
.#..x..#. .## .
..#..#..#..# ..
.
.....3X....##.#
##.
.....XX#X....#
# .. .
..##.@W....# .
# #.#....#.# .
##...##.....#
..
..###....#.....
. .# #
.##(.#.#..## .
#......#...# .
... ##
###.....##..# #
.# # ..#..#..
.. # # .#####
.#..


You could see 3 starcursed masses, a large abomination, a neqoxec, a wraith and
a small abomination (wandering).

Vanquished Creatures
  A tentacled starspawn (Abyss:1)
  Snorg (Lair:3)
  4 hydras
  Fannar (Lair:3)
  A centaur warrior (D:11)
  Erica (D:9)
  A catoblepas (Lair:3)
  5 death yaks (D:9)
  2 two-headed ogres
  3 skysharks (Lair:3)
  A large abomination (Abyss:1)
  Lodul (D:10)
  Pikel (D:8)
  2 ugly things (D:11)
  An apocalypse crab (Abyss:1)
  A black mamba (Lair:1)
  A water nymph (Lair:2)
  7 cane toads
  A kobold demonologist (D:11)
  3 komodo dragons
  An unseen horror (D:11)
  2 rime drakes
  2 tengu conjurers (D:11)
  An ancient zyme (Abyss:1)
  4 trolls (D:11)
  A meliai (D:11)
  2 hornets
  3 polar bears
  9 blink frogs (Lair:1)
  6 dream sheep (Lair:3)
  A culicivora (shapeshifter) (D:11)
  2 shadows
  11 yaks (D:10)
  3 wyverns
  6 basilisks
  Grum (D:8)
  A chaos spawn (Abyss:1)
  3 nagas (Lair:2)
  10 water moccasins
  3 ice beasts
  3 orc warriors (D:7)
  A black bear (D:7)
  A sky beast (D:7)
  10 ogres
  23 wolves
  3 centaurs
  2 phantoms
  3 kobold brigands
  13 bullfrogs
  A gnoll sergeant (D:6)
  Blork the orc (D:4)
  A scorpion (Lair:1)
  13 wights
  3 killer bees (D:9)
  4 small abominations (Abyss:1)
  A jelly (D:5)
  An orc priest (D:7)
  5 hounds
  An iguana (D:6)
  A sleepcap (D:5)
  A gnoll bouda (D:8)
  Ijyb (D:3)
  Terence (D:3)
  7 orc wizards
  7 hell rats (Lair:1)
  Robin (D:3)
  3 adders
  14 gnolls
  A shadow imp (D:7)
  3 white imps
  3 ufetubi
  2 worms
  19 orcs
  6 bats
  11 endoplasms
  3 giant cockroaches
  12 goblins
  7 hobgoblins
  4 jackals (D:1)
  37 kobolds
  6 quokkas
  7 ball pythons
  3 frilled lizards
  5 rats
366 creatures vanquished.

Vanquished Creatures (others)
  2 starspawn tentacles (Abyss:1)
2 creatures vanquished.

Grand Total: 368 creatures vanquished

Notes
Turn   | Place    | Note
-------+----------+-------------------------------------------
     0 | D:1      | Dirtsage the Demonspawn Fighter began the quest for the
                  | Orb.
     0 | D:1      | Reached XP level 1. HP: 18/18 MP: 1/1
    30 | D:1      | Reached skill level 2 in Axes
   112 | D:1      | Gained mutation: Your touch may inflict minor irresistible
                  | damage on your foes. [demonic ancestry]
   112 | D:1      | Reached XP level 2. HP: 19/24 MP: 2/2
   440 | D:1      | Found a faded altar of an unknown god.
   445 | D:1      | Reached skill level 3 in Axes
   619 | D:2      | Gained mutation: Your demonic aura sometimes causes spilled
                  | blood to erupt in flames. [demonic ancestry]
   619 | D:2      | Reached XP level 3. HP: 29/29 MP: 3/3
   857 | D:2      | Gained mutation: You are partially covered in molten
                  | scales. (AC +2) [demonic ancestry]
   857 | D:2      | Reached XP level 4. HP: 29/35 MP: 4/4
   878 | D:2      | Reached skill level 4 in Axes
  1251 | D:2      | Found Qeenedgh's Antique Armour Shop.
  1388 | D:3      | Found a shadowy altar of Dithmenos.
  1388 | D:3      | Noticed Robin
  1403 | D:3      | Killed Robin
  1614 | D:3      | Noticed Ijyb
  1624 | D:3      | Killed Ijyb
  1625 | D:3      | Reached XP level 5. HP: 29/41 MP: 5/5
  1757 | D:3      | Found Ysibresi's General Store.
  1828 | D:3      | Found a sparkling altar of Nemelex Xobeh.
  1830 | D:3      | Identified the +3 leather armour of Sophism {Str+3}
  1882 | D:3      | Reached skill level 5 in Axes
  2106 | D:3      | Noticed Terence
  2116 | D:3      | Killed Terence
  3073 | D:4      | Noticed Blork the orc
  3079 | D:4      | Killed Blork the orc
  3080 | D:4      | Reached skill level 6 in Axes
  3080 | D:4      | Gained mutation: You are mostly covered in molten scales.
                  | (AC +3) [demonic ancestry]
  3080 | D:4      | Reached XP level 6. HP: 47/47 MP: 6/6
  3204 | D:4      | Found a staircase to the Ecumenical Temple.
  3217 | Temple   | Entered the Ecumenical Temple
  3224 | Temple   | Became a worshipper of Warmaster Okawaru
  3339 | D:4      | Found Wapraiqi's Antique Armour Boutique.
  3345 | D:4      | Bought a twisted cloak for 190 gold pieces
  3345 | D:4      | Identified the +1 cloak of the Monkey's Uncle {Int+3} (You
                  | bought it in a shop on level 4 of the Dungeon)
  3386 | D:4      | Reached skill level 1 in Invocations
  3521 | D:5      | Entered Level 5 of the Dungeon
  3545 | D:5      | Found a sacrificial altar of Ru.
  3621 | D:5      | Gained mutation: You are completely covered in molten
                  | scales. (AC +4, rF+) [demonic ancestry]
  3621 | D:5      | Reached XP level 7. HP: 51/52 MP: 8/8
  3725 | D:5      | Reached skill level 7 in Axes
  3758 | D:5      | Reached * piety under Okawaru
  3955 | D:5      | Reached skill level 5 in Invocations
  3955 | D:5      | Reached XP level 8. HP: 49/58 MP: 11/11
  4125 | D:5      | Reached skill level 8 in Axes
  4442 | D:6      | Found Wyvabuza's General Store.
  4464 | D:6      | Bought a scroll of identify for 28 gold pieces
  4582 | D:6      | Reached ** piety under Okawaru
  4949 | D:6      | Found an ornate altar of the Wu Jian Council.
  4960 | D:6      | Reached skill level 9 in Axes
  5477 | D:7      | Found a snail-covered altar of Cheibriados.
  5641 | D:7      | Reached XP level 9. HP: 59/63 MP: 14/14
  5941 | D:7      | Found an opulent altar of Gozag.
  6013 | D:7      | Reached skill level 10 in Axes
  6047 | D:7      | Reached *** piety under Okawaru
  6254 | D:7      | Found a burning altar of Makhleb.
  6565 | D:8      | Noticed a two-headed ogre
  6576 | D:8      | Killed a two-headed ogre
  6577 | D:8      | Reached skill level 5 in Fighting
  6615 | D:8      | Identified the +2 ring mail of Prudence {*Corrode rN+
                  | Dex+4}
  6643 | D:8      | Found a blossoming altar of Fedhas.
  6696 | D:8      | Found Emu Qig's Magic Scroll Emporium.
  6712 | D:8      | Bought a scroll of identify for 22 gold pieces
  6712 | D:8      | Bought a scroll of identify for 22 gold pieces
  6712 | D:8      | Bought a scroll of identify for 22 gold pieces
  6712 | D:8      | Bought a scroll of blinking for 82 gold pieces
  6733 | D:8      | Noticed Grum
  6742 | D:8      | Killed Grum
  6745 | D:8      | Reached skill level 11 in Axes
  6745 | D:8      | Gained mutation: Your touch may inflict irresistible damage
                  | on your foes. [demonic ancestry]
  6745 | D:8      | Reached XP level 10. HP: 42/74 MP: 15/15
  6942 | D:8      | Noticed Pikel
  6947 | D:8      | Killed Pikel
  6947 | D:8      | Reached **** piety under Okawaru
  6948 | D:8      | Reached skill level 5 in Armour
  7200 | D:9      | Noticed a death yak
  7201 | D:9      | Noticed a death yak
  7201 | D:9      | Noticed a death yak
  7221 | D:9      | Noticed a death yak
  7224 | D:9      | Noticed a death yak
  7226 | D:9      | Killed a death yak
  7238 | D:9      | Killed a death yak
  7247 | D:9      | Killed a death yak
  7247 | D:9      | Reached ***** piety under Okawaru
  7248 | D:9      | Reached skill level 12 in Axes
  7259 | D:9      | Killed a death yak
  7268 | D:9      | HP: 2/77 [death yak (18)]
  7271 | D:9      | Killed a death yak
  7272 | D:9      | Reached XP level 11. HP: 3/83 MP: 11/16
  7561 | D:9      | Found a staircase to the Lair.
  7605 | D:9      | Received a gift from Okawaru
  7666 | D:9      | Noticed Erica
  7687 | D:9      | Killed Erica
  7787 | D:9      | Identified the +0 ring mail of Absolutism {rN+ Will+ rCorr
                  | Dex+2}
  8169 | D:10     | Entered Level 10 of the Dungeon
  8361 | D:10     | Reached skill level 13 in Axes
  8511 | D:10     | Noticed Lodul
  8540 | D:10     | Killed Lodul
  8801 | D:10     | Found an ancient bone altar of Kikubaaqudgha.
  9146 | D:11     | Noticed a two-headed ogre
  9147 | D:11     | Noticed a green ugly thing
  9157 | D:11     | Killed a two-headed ogre
  9168 | D:11     | Killed a green ugly thing
  9168 | D:11     | Received a gift from Okawaru
  9539 | D:11     | Noticed a red ugly thing
  9553 | D:11     | Killed a red ugly thing
  9605 | D:11     | Noticed a centaur warrior
  9605 | D:11     | Noticed a five-headed hydra
  9620 | D:11     | Killed a centaur warrior
  9621 | D:11     | Gained mutation: You regenerate a little health from kills.
                  | [demonic ancestry]
  9621 | D:11     | Reached XP level 12. HP: 47/94 MP: 9/17
  9627 | D:11     | Killed a 17-headed hydra
  9628 | D:11     | Reached skill level 14 in Axes
 10219 | Lair:1   | Entered Level 1 of the Lair of Beasts
 10646 | Lair:1   | Received a gift from Okawaru
 10836 | Lair:1   | Reached skill level 1 in Throwing
 11426 | Lair:2   | Found a staircase to the Snake Pit.
 11524 | Lair:2   | Reached skill level 15 in Axes
 11642 | Lair:2   | Received a gift from Okawaru
 12251 | Lair:3   | Reached ****** piety under Okawaru
 12252 | Lair:3   | Reached XP level 13. HP: 103/103 MP: 19/19
 12266 | Lair:3   | Acquired a +2 heavy broad axe
 12266 | Lair:3   | Received a gift from Okawaru
 12269 | Lair:3   | Acquired the +0 chain mail "Enischeja" {Will+ Regen+ SInv}
 12269 | Lair:3   | Received a gift from Okawaru
 12396 | Lair:3   | Noticed Fannar
 12403 | Lair:3   | Killed Fannar
 12457 | Lair:3   | Noticed Snorg
 12466 | Lair:3   | Killed Snorg
 12476 | Lair:3   | Received a gift from Okawaru
 12632 | Lair:3   | Found a runed translucent gate.
 12634 | Lair:3   | Found a runed translucent gate.
 12635 | Lair:3   | Found a runed translucent gate.
 12721 | Lair:3   | Reached skill level 16 in Axes
 12883 | Lair:3   | Noticed Sonja
 12886 | Abyss:1  | Cast into level 1 of the Abyss (Sonja)
 12910 | Abyss:1  | Found a corrupted altar of Lugonu.
 13132 | Abyss:1  | Paralysed by you for 2 turns
 13143 | Abyss:1  | Noticed a tentacled starspawn
 13151 | Abyss:1  | Killed a tentacled starspawn
 13151 | Abyss:1  | Received a gift from Okawaru
 13194 | Abyss:1  | Noticed a starcursed mass
 13203 | Abyss:1  | HP: 3/103 [large abomination (18)]
 13204 | Abyss:1  | Mangled by a large abomination

Illustrated notes

Levels and vault maps discovered:
D:1:      dreamdust_arrival_beginning_and_end, layout_basic,
          dreamdust_ecumenical_altar_statues, minmay_split_cup_small
D:2:      layout_basic, serial_shops, nicolae_square_shop
D:3:      layout_basic, nicolae_dithmenos_shadow_blocks, amcnicky_altar_gilded,
          serial_shops, nicolae_shop_stone, uniq_ijyb, uniq_terence, uniq_robin
D:4:      layout_basic, temple_hall, serial_shops, shop, minmay_circle_x,
          uniq_blork_the_orc
D:5:      layout_loops_ring, mainiacjoe_overflow_catwalk
D:6:      kennysheep_kobold_camp, layout_basic, nicolae_wu_jian_wuxing_cycle,
          serial_shops, shop, kennysheep_generic_room_10
D:7:      wander_river, layout_loops_ring, marbit_many_paths, slow_altar_2,
          makhleb_heckhound_becter, kennysheep_cluttered_room, hex_tiny
D:8:      layout_basic, mainiacjoe_overflow_alcove_2, fedhas_altar_2,
          serial_shops, nicolae_shop_tiny_glass, nrook_uturn,
          minmay_unpleasant_kobolds, uniq_grum, uniq_pikel
D:9:      layout_basic, dpeg_lair_monsters, uniq_erica
D:10:     layout_roguey, kennysheep_little_box, uniq_lodul
D:11:     layout_rooms, minmay_shattered_shrine
Temple:   nicolae_temple_no_exploring_needed
Lair:1:   layout_long_grid, nicolae_quartered_pool_impasse
Lair:2:   layout_small_grid, nicolae_shoals_entry_flooding,
          nicolae_snake_entry_squirm, lemuel_fruit_tree, grunt_megastairs_3
Lair:3:   layout_small_grid, gammafunk_ghost_split, grunt_megastairs_1,
          uniq_snorg, uniq_sonja, uniq_fannar
Abyss:1:  base:
D:11

Skill      XL: |  1  2  3  4  5  6  7  8  9 10 11 12 13 |
---------------+----------------------------------------+-----
Axes           | 2 3 4 6 7 9 11 12 13 15 16 | 16.5
Invocations    | 2 5 7 8 |  8.5
Armour         | 4 6 7 9 |  9.0
Fighting       | 5 6 8 9 |  9.9
Throwing       | 2 |  2.7
Shields        | 3 |  3.3

Action                     |  1- 3 |  4- 6 |  7- 9 | 10-12 | 13-15 || total
---------------------------+-------+-------+-------+-------+-------++-------
  Melee: War axe           |    78 |    76 |       |       |       ||   154
         Touch             |    13 |    23 |    55 |   108 |     5 ||   204
         Punch             |       |     1 |     6 |    17 |     1 ||    25
         Hand axe          |       |    38 |   257 |   518 |    20 ||   833
         Broad axe         |       |       |       |       |    72 ||    72
 Invoke: Heroism           |       |       |     2 |     6 |     4 ||    12
         Finesse           |       |       |       |     2 |     1 ||     3
         Receive Weapon    |       |       |       |       |     1 ||     1
         Receive Armour    |       |       |       |       |     1 ||     1
  Evoke: Wand              |       |       |       |     1 |     1 ||     2
    Use: Scroll            |       |       |    11 |     8 |     2 ||    21
         Potion            |       |       |       |     1 |     1 ||     2
   Stab: Distracted        |       |       |       |     1 |       ||     1
         Petrifying        |       |       |       |       |     1 ||     1
         Petrified         |       |       |       |       |     1 ||     1
 Armour: Scale mail        |    61 |    60 |   160 |   390 |    14 ||   685
         Leather armour    |       |    13 |       |       |       ||    13
         Chain mail        |       |       |       |       |    87 ||    87
  Dodge: Dodged            |    35 |    44 |   119 |   170 |    41 ||   409
  Block: Buckler           |     3 |       |       |       |    43 ||    46
         Other             |       |       |    11 |    89 |     5 ||   105
         Reflection        |       |       |     2 |     3 |     1 ||     6

Table legend: (Time is in decaauts)
 A = Elapsed time spent in this place.
 B = Non-inter-level travel time spent in this place.
 C = Inter-level travel time spent in this place.
 D = Time resting spent in this place.
 E = Time spent auto-exploring this place.
 F = Levels seen in this place.
 G = Mean time per level.
                   A        B        C        D        E       F      G
               +--------+--------+--------+--------+--------+-----+--------+
         Total |  12972 |  12666 |    306 |    536 |  10326 |  16 |  810.8 |
       Dungeon |  10084 |   9832 |    252 |    536 |   7992 |  11 |  916.7 |
        Temple |     14 |      2 |     12 |      0 |      0 |   1 |   14.0 |
          Lair |   2561 |   2519 |     42 |      0 |   2096 |   3 |  853.7 |
         Abyss |    312 |    312 |      0 |      0 |    237 |   1 |  312.0 |
               +--------+--------+--------+--------+--------+-----+--------+

Top non-repeatable levels by time:
     D:3: 1429 daAuts
    D:11: 1149 daAuts
     D:9: 1114 daAuts
     D:7: 1044 daAuts
  Lair:2: 1003 daAuts
  Lair:1: 908 daAuts
     D:5: 898 daAuts
     D:6: 852 daAuts
     D:2: 839 daAuts
    D:10: 797 daAuts
     D:4: 737 daAuts
     D:8: 672 daAuts
  Lair:3: 650 daAuts
     D:1: 548 daAuts
 Abyss:1: 312 daAuts
